 Dungeon Crawl Stone Soup version 0.18-a0-884-gb6cfd45 (webtiles) character file.

50423 Duffy the Basher (level 14, -3/77 HPs)
             Began as a Vine Stalker Fighter on Dec 22, 2015.
             Was the Champion of Cheibriados.
             Killed from afar by an electric eel (6 damage)
             ... with a bolt of electricity
             ... on level 5 of the Lair of Beasts.
             The game lasted 00:14:26 (11357 turns).

Duffy the Basher (Vine Stalker Fighter)            Turns: 11357, Time: 00:14:26

Health: -3/77      AC: 24    Str: 36    XL:     14   Next: 55%
Magic:  0/30       EV: 13    Int: 25    God:    Cheibriados [******]
Gold:   1031       SH: 15    Dex: 30    Spells: 0 memorised, 13 levels left

rFire  x . .     SeeInvis .     G - +3 flail (protect)
rCold  + + .     Gourm    .     A - +0 plate armour {rC+}
rNeg   . . .     Faith    +     c - +0 shield
rPois  +         Spirit   +     (no helmet)
rElec  .         Dismiss  .     e - +0 cloak
rCorr  .         Reflect  .     j - +1 pair of gloves
SustAt .         Harm     .     K - +0 pair of boots
MR     +....                    S - amulet of faith
Stlth  ..........               m - ring of magical power
                                I - ring "Ofuruk" {Ice rPois}

@: very slow, somewhat resistant to hostile enchantments, extremely unstealthy
A: fangs 3, regeneration 3, magic shield, antimagic bite, no device heal 3, rot
immunity
a: Bend Time, Temporal Distortion, Slouch, Step From Time, Renounce Religion


You were on level 5 of the Lair of Beasts.
You worshipped Cheibriados.
Cheibriados was exalted by your worship.
You were hungry.

You visited 2 branches of the dungeon, and saw 19 of its levels.
You also visited: Ice Cave.

You collected 1031 gold pieces.


Innate Abilities, Weirdness & Mutations

You have razor-sharp teeth.
You regenerate.
When hurt, damage is shared between your health and your magic reserves.
Your bite disrupts and absorbs the magic of your enemies.
Potions and wands cannot restore your health.
You are immune to rotting.


   Skills:
 + Level 10.5 Fighting
 - Level 12.1 Maces & Flails
 + Level 9.5 Armour
 + Level 5.1 Dodging
 + Level 10.3 Shields
 - Level 8.7 Invocations


You had 13 spell levels left.
You didn't know any spells.

Inventory:

Hand Weapons
 a - a +0 flail
 z - a +0 blowgun
 G - a +3 flail of protection (weapon)
Missiles
 h - 152 poisoned needles
Armour
 c - a +0 shield (worn)
 e - a +0 cloak (worn)
 j - a +1 pair of gloves (worn)
 A - a +0 plate armour of cold resistance (worn)
 K - a +0 pair of boots (worn)
 Q - the +2 pair of gloves "Ighaurio" {rF- rN+++}

   It makes you vulnerable to fire.
   It renders you almost immune to negative energy.
 Y - the +3 chain mail of the Louse {rF+}

   It protects you from fire.
Jewellery
 b - an uncursed ring of stealth {unknown}
 g - a +3 ring of slaying
 m - a ring of magical power (right hand)
 t - a cursed ring of loudness {unknown}
 u - an uncursed ring of protection from cold
 w - an uncursed amulet of guardian spirit {unknown}
 F - a +2 ring of intelligence {unknown}
 I - the ring "Ofuruk" (left hand) {Ice rPois}

   [ring of ice]

   It enhances your ice magic, and weakens your fire magic.
   It makes you vulnerable to fire.
   It protects you from cold.
   It protects you from poison.
 N - an uncursed amulet of faith
 S - an amulet of faith (around neck)
 V - a cursed ring of loudness {unknown}
Wands
 v - a wand of teleportation (6/9)
 M - a wand of draining (6/15)
 O - a wand of flame (35/48)
 P - a wand of slowing (27/48)
 T - a wand of digging (18/24)
 X - a wand of digging (20/24)
Scrolls
 i - 2 scrolls of immolation
 k - 9 scrolls of identify
 l - 3 scrolls of magic mapping
 o - a scroll of fog
 x - a scroll of enchant armour
 y - 2 scrolls of remove curse
 E - 4 scrolls of blinking
 L - 2 scrolls of enchant weapon
Potions
 d - 5 potions of might
 n - 5 potions of curing
 p - 2 potions of heal wounds
 r - a potion of cancellation {unknown}
 B - 2 potions of ambrosia {unknown}
 C - 2 potions of berserk rage {unknown}
 D - 2 potions of lignification {unknown}
 R - a potion of poison {unknown}
 W - a potion of brilliance {unknown}
Comestibles
 f - 5 bread rations
 q - 15 fruits
 s - 7 meat rations
 H - 5 beef jerkies
 U - 10 royal jellies

Dungeon Overview and Level Annotations

Branches:
Dungeon (14/15)              Lair (5/8) D:8          Vaults (0/5) D:13
 Temple: D:4-7        Swamp: Lair:3-6    Shoals: Lair:3-6     Snake: Lair:3-6
 Spider: Lair:3-6       Orc: D:9-12

Altars:
Cheibriados
Elyvilon
Fedhas
Gozag
Kikubaaqudgha
Nemelex Xobeh
Okawaru
Pakellas

Shops:
D:14 }[


Message History

The electric eel shoots out a bolt of lightning at you!
The bolt of electricity hits you!
Your unstable footing causes you to fumble your attack.
You swing at nothing.
The electric eel shoots out a bolt of lightning at you!
The bolt of electricity hits you!
You swing at nothing.
Your unstable footing causes you to fumble your attack.
The electric eel shoots out a bolt of lightning at you!
The bolt of electricity hits you!
You swing at nothing.
You swing at nothing.
You swing at nothing.
Your unstable footing causes you to fumble your attack.
Your unstable footing causes you to fumble your attack.
The electric eel shoots out a bolt of lightning at you!
The bolt of electricity misses you.
You swing at nothing.
You swing at nothing.
Your unstable footing causes you to fumble your attack.
The electric eel shoots out a bolt of lightning at you!
The bolt of electricity hits you!
You swing at nothing.
Your unstable footing causes you to fumble your attack.
You swing at nothing.
You swing at nothing.
The electric eel shoots out a bolt of lightning at you!
The bolt of electricity hits you!
Your unstable footing causes you to fumble your attack.
The electric eel shoots out a bolt of lightning at you!
The bolt of electricity misses you.
Your unstable footing causes you to fumble your attack.
The electric eel shoots out a bolt of lightning at you!
The bolt of electricity hits you!
You die...

##
###..................#
.##
##.................#
..#
.#...............##
... ..............#
... .............P#
... .............##
... ...#...7..7.# ...
##.~#777.# ... #@~7
7## ... ...PP~~%;~~7
... ....~~~~~~~~~7 ..#
...P~~~~~~~~~P~ ..#
P...~P~~P~~~~~~ .#.
....~~P~~~~~~~~ ##
#...~~~~~~~~~~~ #
...P~PPP~~~~~~~ #


You could see an electric eel.

Action                   |  1- 3 |  4- 6 |  7- 9 | 10-12 | 13-15 || total
-------------------------+-------+-------+-------+-------+-------++-------
Melee: Flail             |    99 |   110 |   123 |   363 |   550 ||  1245
Invok: Slouch            |       |       |       |     3 |     3 ||     6
Evoke: Wand              |       |       |       |       |     1 ||     1
  Use: Potion            |       |     4 |       |     4 |       ||     8
       Scroll            |       |       |       |    13 |     5 ||    18
  Eat: Chunk             |     2 |     3 |     3 |     8 |     6 ||    22
       Meat ration       |       |       |       |       |     2 ||     2

Notes
Turn   | Place    | Note
--------------------------------------------------------------
     0 | D:1      | Duffy the Vine Stalker Fighter began the quest for the Orb.
     0 | D:1      | Reached XP level 1. HP: 11/11 MP: 2/2
    46 | D:1      | Reached skill level 2 in Maces & Flails
   104 | D:1      | Reached XP level 2. HP: 16/16 MP: 3/3
   186 | D:1      | Reached skill level 3 in Fighting
   517 | D:1      | Reached XP level 3. HP: 20/20 MP: 4/4
   737 | D:2      | Found a snail-covered altar of Cheibriados.
   748 | D:2      | Became a worshipper of Cheibriados the Contemplative
  1102 | D:2      | Found a white marble altar of Elyvilon.
  1118 | D:2      | Found a blossoming altar of Fedhas.
  1192 | D:2      | Reached skill level 3 in Shields
  1465 | D:3      | Reached * piety under Cheibriados
  1528 | D:3      | Reached XP level 4. HP: 24/24 MP: 5/5
  1565 | D:3      | Reached skill level 3 in Maces & Flails
  1568 | D:3      | Reached XP level 5. HP: 3/28 MP: 6/6
  1616 | D:3      | Reached ** piety under Cheibriados
  1631 | D:3      | Reached skill level 3 in Armour
  1685 | D:3      | Noticed Jessica
  1688 | D:3      | Killed Jessica
  2026 | D:3      | Gained mutation: You heal very quickly. [Vine Stalker growth]
  2026 | D:3      | Reached XP level 6. HP: 32/32 MP: 7/7
  2616 | D:3      | Reached skill level 4 in Maces & Flails
  2626 | D:3      | Reached *** piety under Cheibriados
  2953 | D:5      | Entered Level 5 of the Dungeon
  2990 | D:5      | Found a sparkling altar of Nemelex Xobeh.
  3193 | D:5      | Reached skill level 4 in Fighting
  3193 | D:5      | Reached skill level 4 in Shields
  3193 | D:5      | Reached XP level 7. HP: 24/37 MP: 8/8
  3370 | D:6      | Reached skill level 5 in Maces & Flails
  3478 | D:5      | Found an iron altar of Okawaru.
  3703 | D:5      | Found an ancient bone altar of Kikubaaqudgha.
  3704 | D:5      | Found an oddly glowing altar of Pakellas.
  3746 | D:5      | Reached skill level 4 in Armour
  3746 | D:5      | Gained mutation: You have razor-sharp teeth. [Vine Stalker growth]
  3746 | D:5      | Reached XP level 8. HP: 40/42 MP: 9/9
  3748 | D:5      | Reached **** piety under Cheibriados
  3924 | D:6      | Noticed Blork the orc
  3933 | D:6      | Killed Blork the orc
  4008 | D:7      | Reached skill level 5 in Shields
  4189 | D:7      | Reached skill level 6 in Maces & Flails
  4337 | D:8      | Noticed Kolbur's ghost (novice KoMo)
  4344 | D:8      | Killed Kolbur's ghost
  4344 | D:8      | Reached skill level 5 in Fighting
  4344 | D:8      | Reached XP level 9. HP: 29/47 MP: 10/10
  4552 | D:9      | Reached ***** piety under Cheibriados
  4645 | D:9      | Reached skill level 5 in Armour
  4707 | D:10     | Entered Level 10 of the Dungeon
  4745 | D:10     | Reached skill level 7 in Maces & Flails
  4764 | D:10     | Noticed Maurice
  4780 | D:10     | Killed Maurice
  4787 | D:10     | Reached skill level 6 in Shields
  4803 | D:10     | Noticed a hill giant
  4808 | D:10     | Killed a hill giant
  4903 | D:10     | Killed an unseen horror
  4903 | D:10     | Reached skill level 6 in Fighting
  4903 | D:10     | Reached skill level 8 in Maces & Flails
  4903 | D:10     | Reached XP level 10. HP: 41/53 MP: 11/11
  4998 | D:10     | Got a pair of twisted gloves
  5009 | D:10     | Identified the +2 pair of gloves "Ighaurio" {rF- rN+++} (You found it on level 10 of the Dungeon)
  5247 | D:10     | Reached skill level 6 in Armour
  5344 | D:10     | Killed an unseen horror
  5344 | D:10     | Reached skill level 9 in Maces & Flails
  5344 | D:10     | Reached skill level 7 in Shields
  5521 | D:10     | Reached skill level 7 in Fighting
  5612 | D:11     | Noticed a cyclops
  5617 | D:11     | Killed a cyclops
  5649 | D:11     | Noticed a cyclops
  5654 | D:11     | Killed a cyclops
  5654 | D:11     | Reached XP level 11. HP: 58/58 MP: 12/12
  6011 | D:12     | Noticed Frances
  6021 | D:12     | Killed Frances
  6021 | D:12     | Reached skill level 10 in Maces & Flails
  6021 | D:12     | Reached skill level 7 in Armour
  6086 | D:12     | Noticed Erolcha
  6097 | D:12     | Killed Erolcha
  6097 | D:12     | Reached skill level 8 in Shields
  6214 | D:12     | Reached ****** piety under Cheibriados
  6265 | D:12     | Killed an unseen horror
  6265 | D:12     | Reached skill level 8 in Fighting
  6398 | D:12     | Noticed Nessos
  6402 | D:12     | Noticed a hill giant
  6402 | D:12     | Killed Nessos
  6410 | D:12     | Killed a hill giant
  6410 | D:12     | Reached skill level 11 in Maces & Flails
  6410 | D:12     | Gained mutation: You regenerate. [Vine Stalker growth]
  6410 | D:12     | Reached XP level 12. HP: 26/65 MP: 13/13
  6915 | D:12     | Found an opulent altar of Gozag.
  6921 | D:12     | Noticed Psyche
  6929 | D:12     | Killed Psyche
  7077 | D:13     | Noticed Chiseanne's ghost (journeyman SpAs)
  7096 | D:13     | Killed Chiseanne's ghost
  7202 | D:13     | Reached skill level 8 in Armour
  7461 | D:13     | Reached skill level 9 in Shields
  7520 | D:13     | Reached skill level 1 in Invocations
  7529 | D:13     | Reached skill level 2 in Invocations
  7533 | D:13     | Noticed a vault guard
  7541 | D:13     | Noticed a vault guard
  7543 | D:13     | Reached skill level 3 in Invocations
  7552 | D:13     | Killed a vault guard
  7552 | D:13     | Reached skill level 4 in Invocations
  7559 | D:13     | Killed a vault guard
  7559 | D:13     | Reached skill level 5 in Invocations
  7570 | D:13     | Reached skill level 6 in Invocations
  7588 | D:13     | Reached skill level 7 in Invocations
  7602 | D:13     | Got a bloodstained chain mail
  7613 | D:13     | Identified the +1 chain mail of Cibloc {MR- Int+4 SInv} (You took it off an orc on level 13 of the Dungeon)
  7635 | D:13     | Reached XP level 13. HP: 70/70 MP: 19/19
  7645 | D:13     | Found a gate to the Vaults.
  7704 | D:13     | Reached skill level 8 in Invocations
  7794 | D:13     | Found an ancient bone altar of Kikubaaqudgha.
  7843 | D:14     | Found Huacsi's Armour Emporium.
  8032 | D:14     | Reached skill level 12 in Maces & Flails
  8121 | D:14     | Reached skill level 1 in Dodging
  8180 | D:14     | Found Raimuhek's Quality Used Wands.
  8317 | D:14     | Reached skill level 9 in Fighting
  8855 | D:11     | Reached skill level 2 in Dodging
  9319 | D:9      | Found an iron altar of Okawaru.
  9736 | D:9      | Got a slimy chain mail
  9747 | D:9      | Identified the +3 chain mail of the Louse {rF+} (You found it on level 9 of the Dungeon)
  9793 | D:8      | Found a staircase to the Lair.
  9809 | Lair:1   | Entered Level 1 of the Lair of Beasts
 10385 | Lair:3   | Reached skill level 3 in Dodging
 10404 | Lair:3   | Reached skill level 9 in Armour
 10404 | Lair:3   | Reached XP level 14. HP: 12/76 MP: 6/21
 10476 | Lair:4   | Noticed Urug
 10477 | Lair:4   | Found a frozen archway.
 10497 | Lair:4   | Killed Urug
 10512 | Lair:4   | Reached skill level 10 in Fighting
 10540 | IceCv    | Entered an ice cave
 10546 | IceCv    | Reached skill level 4 in Dodging
 10781 | IceCv    | Reached skill level 10 in Shields
 10916 | IceCv    | Noticed a frost giant
 10930 | IceCv    | Killed a frost giant
 10930 | IceCv    | Reached skill level 5 in Dodging
 10969 | IceCv    | Got a faintly glowing silver ring
 10971 | IceCv    | Identified the ring "Ofuruk" {Ice rPois} (You found it in an ice cave)
 10973 | IceCv    | Identified the Compendium of Hurtful Ice (You found it in an ice cave)
 11357 | Lair:5   | Killed from afar by an electric eel

Vault maps used:
D:1:      minmay_arrival_four_houses
D:2:      fedhas_altar_3, elyvilon_altar_4, first_bread, dk_vineyard_2,
          cheibriados_altar_1
D:3:      portal_sewer_entry_e, uniq_jessica
D:4:      vehumet_altar_wand_db
D:5:      gammafunk_temple_overflow_forgotten, nemelex_xobeh_ov_fountains_minmay
D:6:      uniq_blork_the_orc
D:7:      minmay_temple_entry_glassed_door
D:8:      gammafunk_temple_overflow_elements, minmay_lair_entry_lava,
          serial_shops, nicolae_shop_trees, uniq_joseph
D:9:      basic_altar, kennysheep_generic_room_13
D:10:     uniq_maurice
D:11:     erik_orc_2, hangedman_little_slice_of_home
D:12:     nicolae_gozag_seed_capital, uniq_frances, uniq_psyche, uniq_nessos,
          uniq_erolcha
D:13:     grunt_vaults_entry_tiered, lemuel_mausoleum_altar_kikubaaqudgha
D:14:     minmay_misc_feat_five, serial_shops, shop, st_stairs_13,
          minmay_misc_feat_encased, nicolae_for_you_no_charge
Lair:1:   minmay_stone_trees_small
Lair:2:   worms_lemuel
Lair:3:   grunt_megastairs_5, infiniplex_staircase_pool_2, uniq_nergalle
Lair:4:   portal_ice_cave_entry_ice_beasts, wad_woods_river_01,
          serial_bayou_shore_b, uniq_josephine, uniq_urug
Lair:5:   serial_bayou_shore_a
IceCv:    ice_cave_caverns_02

Vanquished Creatures
  Frances
  A frost giant Nessos
  2 vault guards
  4 hydras
  The ghost of Chiseanne the Ninja, a journeyman SpAs of Gozag
  A catoblepas Erolcha Urug
  2 slime creatures
  3 unseen horrors
  A wizard
  7 ugly things
  3 necromancers
  A deep elf mage
  4 cyclopes
  4 hill giants
  The ghost of Kolbur the Martial Artist, a novice KoMo of Cheibriados
  A black mamba Maurice
  An ice statue
  A centaur zombie Psyche
  A manticore
  4 spiny frogs
  2 centaur skeletons
  A komodo dragon
  A fire drake
  A freezing wraith
  A queen bee
  5 trolls
  17 polar bears
  A water elemental
  A wraith
  33 yaks
  3 hungry ghosts
  2 hippogriffs
  3 vampire mosquitoes
  18 humans
  A basilisk
  28 wolves
  7 water moccasins
  A swamp worm
  5 orc warriors
  A black bear
  9 ice beasts
  A necrophage
  6 centaurs
  2 phantoms
  4 sky beasts
  4 ogres
  4 crocodiles
  An eye of draining
  14 giant frogs Blork the orc
  3 big kobolds
  A wyvern zombie
  A water moccasin skeleton
  A scorpion
  38 killer bees
  A wyvern skeleton
  8 wights
  An electric eel
  A crimson imp
  2 hounds
  A giant frog zombie
  A human zombie
  A jelly
  5 orc priests
  A wasp zombie
  A quasit
  4 giant frog skeletons Jessica
  6 worker ants
  7 orc wizards
  11 sheep
  5 iguanas
  5 gnolls
  8 adders
  5 shadow imps
  33 river rats
  An ooze
  2 adder skeletons
  4 worms
  32 orcs
  4 ball pythons
  12 bats
  7 giant cockroaches
  6 goblins
  9 hobgoblins
  9 jackals
  5 giant geckos
  3 giant newts
  19 kobolds
  An orc zombie
  5 quokkas
  11 rats
  2 plants
511 creatures vanquished.
